 Dungeon Crawl Stone Soup version 0.28.0-53-g5a82cb258f (webtiles) character file.

Game seed: 2071064396259002008

280 Revguard the Skirmisher (level 6, 0/48 HPs)
             Began as a Demonspawn Fighter on July 19, 2022.
             Slain by a gnoll
             ... wielding a +0 flail
              (6 damage)
             ... on level 3 of the Dungeon.
             The game lasted 00:04:43 (3028 turns).

Revguard the Skirmisher (Demonspawn Fighter)        Turns: 3028, Time: 00:04:43

Health: 0/48       AC: 13    Str: 18    XL:     6   Next: 5%
Magic:  7/7        EV:  5    Int:  9    God:
Gold:   158        SH:  5    Dex: 13    Spells: 5/5 levels left

rFire   . . .      SeeInvis .   a - +0 war axe
rCold   . . .      Faith    .   c - +0 buckler
rNeg    . . .      Spirit   .   n - +1 plate armour
rPois   .          Reflect  .   (helmet restricted)
rElec   .          Harm     .   (no cloak)
rCorr   .          Rampage  .   f - +0 pair of gloves
Will    .....                   (no boots)
Stlth   ..........              (no amulet)
HPRegen 0.16/turn               (no ring)
MPRegen 0.10/turn               (no ring)

@: mighty
A: horns 1, powered by death 1
a: no special abilities


You were on level 3 of the Dungeon.
You visited 1 branch of the dungeon, and saw 3 of its levels.

You collected 158 gold pieces.

Inventory:

Hand Weapons
 a - a +0 war axe (weapon)
Armour
 c - a +0 buckler (worn)
 f - a +0 pair of gloves (worn)
 n - a +1 plate armour (worn)
Scrolls
 k - a scroll of teleportation
Potions
 b - a potion of attraction
 i - a potion of resistance {unknown}
 l - a potion of curing {unknown}


   Skills:
 + Level 3.8 Fighting
 + Level 2.7 Axes
 + Level 3.3 Armour
 + Level 1.7 Dodging
 + Level 3.3 Shields
 + Level 2.6 Invocations
 + Level 2.0 Evocations


You had 5 spell levels left.
You didn't know any spells.
Your spell library was empty.

Dungeon Overview and Level Annotations

Branches:
Dungeon (3/15)

Altars:

Annotations:
D:3 1 transporter, duchin's ghost, weakling MiFi


Innate Abilities, Weirdness & Mutations

You have a pair of small horns on your head.
You regenerate a little health from kills.


Message History

The gnoll zaps a wand.
Your mind is blasted!
* * * LOW HITPOINT WARNING * * *
The gnoll hits you but does no damage.
The gnoll hits you from afar with a +0 vampiric halberd.
* * * LOW HITPOINT WARNING * * *
You have reached level 6!
Your demonic ancestry asserts itself...
A wave of death washes over you.
It was a potion of heal wounds.
You feel much better.
You feel sick. The gnoll hits you but does no damage.
The gnoll hits you from afar with a +0 spear.
The gnoll hits you but does no damage.
You feel sick. You block the gnoll's attack.
There is an open translucent door, spattered with blood here.
Things that are here:
the +0 spear of Moral Flaws {venom, Str+6}; a gnoll corpse You closely miss the gnoll.
You headbutt the gnoll.
The gnoll is heavily wounded.
You feel sick.
The gnoll zaps a wand.
You barely resist.
The gnoll hits you from afar with a +0 spear.
* * * LOW HITPOINT WARNING * * *
The gnoll hits you but does no damage.
The gnoll hits you from afar with a +0 spear.
* * * LOW HITPOINT WARNING * * *
Okay, then.
You slash the gnoll!
You kill the gnoll!
You feel sick. The gnoll hits you but does no damage.
The gnoll barely misses you. The gnoll hits you but does no damage.
You block the gnoll's attack.
You slash the gnoll!
You headbutt the gnoll, but do no damage.
The gnoll is heavily wounded.
You feel sick.
You are no longer poisoned.
You block the gnoll's attack.
The gnoll hits you from afar with a +0 spear.
* * * LOW HITPOINT WARNING * * *
The gnoll hits you but does no damage. The gnoll hits you with a +0 flail.
You die...

....≈≈#####...........#####≈≈.#
#...≈≈#.8g#.###.©.###.#.8.#≈≈.#
#...≈≈#..W###.#####©###...#≈≈.#
....≈≈###..gg...........###≈≈.#
#...≈≈.8#.######'###'##.#8.≈≈.#
#...≈≈.##g#. #8g.#...#.##.≈≈.#
....≈≈.#ggg. #ggg)...'..#.≈≈.#
.#..≈≈.##.#.g #8g.#...#.##.≈≈.##
.#..≈≈.8#.######@###'##.#8.≈≈..#
.#..≈≈###......)........###≈≈..#
.##.≈≈#g..###.#####.###...#≈≈..#
.##.≈≈#.8.#.###.©.###.#.8.#≈≈..#
.##.≈≈#####...........#####≈≈..#
###.≈≈≈≈≈≈≈≈≈≈≈≈≈≈≈≈≈≈≈≈≈≈≈≈≈..#
#.≈≈≈≈≈≈≈≈≈≈≈≈≈≈≈≈≈≈≈≈≈≈≈≈≈..#
#............................#
#.#####..#.########.##..###..#


You could see 5 gnolls.

Vanquished Creatures
  Sigmund (D:3)
  6 gnolls
  An adder (D:2)
  A worm (D:2)
  A dart slug (D:2)
  5 ball pythons
  4 bats
  4 endoplasms
  A giant cockroach (D:1)
  6 goblins
  4 hobgoblins
  4 jackals (D:1)
  2 kobolds (D:3)
  3 frilled lizards
  5 rats
48 creatures vanquished.

Vanquished Creatures (others)
  6 plants (D:3)
6 creatures vanquished.

Grand Total: 54 creatures vanquished

Notes
Turn   | Place    | Note
-------+----------+-------------------------------------------
     0 | D:1      | Revguard the Demonspawn Fighter began the quest for the
                  | Orb.
     0 | D:1      | Reached XP level 1. HP: 18/18 MP: 1/1
   176 | D:1      | Gained mutation: You have a pair of small horns on your
                  | head. [demonic ancestry]
   176 | D:1      | Reached XP level 2. HP: 13/24 MP: 2/2
  1009 | D:2      | Found a faded altar of an unknown god.
  1247 | D:2      | Reached skill level 1 in Invocations
  1306 | D:2      | Reached XP level 3. HP: 29/29 MP: 3/3
  1426 | D:2      | Reached skill level 1 in Evocations
  1636 | D:2      | Reached skill level 1 in Dodging
  1639 | D:2      | Reached XP level 4. HP: 18/35 MP: 3/5
  2230 | D:3      | Noticed Sigmund
  2242 | D:3      | Killed Sigmund
  2243 | D:3      | Reached XP level 5. HP: 18/42 MP: 6/6
  2673 | D:3      | Identified the +0 spear of Moral Flaws {venom, Str+6}
  2687 | D:3      | Noticed duchin's ghost (weakling MiFi)
  2743 | D:3      | Found a transporter.
  2769 | D:3      | Found a transporter.
  3024 | D:3      | Gained mutation: You regenerate a little health from kills.
                  | [demonic ancestry]
  3024 | D:3      | Reached XP level 6. HP: 10/48 MP: 7/7
  3028 | D:3      | Slain by a gnoll

Illustrated notes

Levels and vault maps discovered:
D:1:      dpeg_arrival_tiny_i, layout_loops_ring
D:2:      layout_basic, shapermc_ecumenical_altar_notcrosses, minivault_27,
          minmay_curled_crystal, kennysheep_generic_room_10
D:3:      layout_loops_ring, gammafunk_ghost_gnarly_gnolls,
          hangedman_decor_clover_reticule, minmay_quadrilaterals, uniq_sigmund

Skill      XL: |  1  2  3  4  5 |
---------------+----------------+-----
Axes           | 2 |  2.7
Invocations    | 1 2 |  2.6
Evocations     | 1 2 |  2.0
Dodging        | 1 |  1.7
Shields        | 3 |  3.3
Armour         | 3 |  3.3
Fighting       | |  3.8

Action                   |  1- 3 |  4- 6 || total
-------------------------+-------+-------++-------
Melee: War axe           |    88 |    57 ||   145
       Headbutt          |    11 |    12 ||    23
  Use: Scroll            |       |     5 ||     5
       Potion            |       |     2 ||     2
Armor: Scale mail        |    47 |     9 ||    56
       Plate armour      |       |    28 ||    28
Dodge: Dodged            |    43 |    15 ||    58
Block: Buckler           |    22 |    15 ||    37
